 Dungeon Crawl Stone Soup version 0.30-a0-636-g200c5c4a83 (webtiles) character file.

Game seed: 6248358331901079431

289159 Dartaoz the Slayer (level 20, 0/186 HPs)
             Began as a Hill Orc Monk on Jan 15, 2023.
             Was the Champion of Beogh.
             Killed from afar by a blizzard demon (35 damage)
             ... with a bolt of lightning
             ... on level 2 of the Abyss.
             The game lasted 02:33:43 (52262 turns).

Dartaoz the Slayer (Hill Orc Monk)                 Turns: 52262, Time: 02:33:44

Health: 0/186      AC: 44    Str: 26    XL:     20   Next: 71%
Magic:  4/34       EV: 14    Int: 14    God:    Beogh [******]
Gold:   1675       SH:  5    Dex: 16    Spells: 19/19 levels left

rFire   + + .      SeeInvis +    t - +2 executioner's axe (vamp)
rCold   x . .      Faith    .    (shield currently unavailable)
rNeg    + . .      Spirit   .    q - +1 crystal plate armour of Hopscotch {+Inv rF++ rC- rN+}
rPois   +          Reflect  +    N - +2 helmet {SInv}
rElec   .          Harm     .    z - +2 cloak {rPois}
rCorr   .          Rampage  .    j - +3 Mad Mage's Maulers {Infuse+∞ VampMP -Cast}
Will    +....      NoCast   +    (no boots) Stlth
                                 S - amulet of reflection
HPRegen 0.00/turn                Y - +4 ring of protection
MPRegen 0.24/turn                P - ring of Itomakaag {EV+5 Str+3 Int+4 Dex+3}

@: sick
A: walk on water, frail 1
}: 2/15 runes: serpentine, barnacled
a: Renounce Religion, Evoke Invisibility, Smiting, Recall Orcish Followers, Give
Item to Named Follower, Resurrection


You were on level 2 of the Abyss.
You worshipped Beogh.
Beogh was exalted by your worship.
You visited 7 branches of the dungeon, and saw 35 of its levels.
You visited the Abyss 2 times.
You visited 2 bazaars.
You also visited: Trove, Sewer and Ice Cave.

You collected 5446 gold pieces.
You spent 3771 gold pieces at shops.

Inventory:

Hand Weapons
 f - the +9 long sword of the Threshing Gods {holy, rN+ Dex+3}
   (You found it on level 3 of the Snake Pit)

   Dex:       It affects your dexterity (+3).
   rN:        It protects you from negative energy.
 t - a +2 vampiric executioner's axe (weapon)
 T - the +3 arbalest "Wyfriew" {freeze, rN+}
   (You found it in a treasure trove)

   rN:        It protects you from negative energy.
 U - the +6 broad axe of Fortitude {venom, Drain Str+3 Dex+4}
   (You found it in a treasure trove)

   Str:       It affects your strength (+3).
   Dex:       It affects your dexterity (+4).
   Drain:     It drains your maximum health when unequipped.
 V - a +2 executioner's axe of electrocution
 Z - the +4 trident "Puetaiba" {vamp, *Slow rElec Dex+5 Stlth+}
   (You found it on level 4 of the Lair of Beasts)

   Dex:       It affects your dexterity (+5).
   rElec:     It insulates you from electricity.
   *Slow:     It may slow you when you take damage.
   Stlth:     It makes you more stealthy.
Armour
 j - the +3 Mad Mage's Maulers (worn) {Infuse+∞ VampMP -Cast}
   (You found it on level 2 of the Shoals)

   Infuse+∞: It empowers its wearer's blows with all of their magic.
   VampMP:    Blows struck in melee replenish the wearer's magic.
   -Cast:     It prevents spellcasting.
 q - the +1 crystal plate armour of Hopscotch (worn) {+Inv rF++ rC- rN+}
   (You bought it in a shop on level 2 of the Orcish Mines)

   rF:        It greatly protects you from fire.
   rC:        It makes you vulnerable to cold.
   rN:        It protects you from negative energy.
   +Inv:      It lets you turn invisible.
 z - a +2 cloak of poison resistance (worn)
 A - a +0 tower shield
 B - a +0 kite shield of protection
 M - a +0 kite shield of reflection
 N - a +2 helmet of see invisible (worn)
Jewellery
 l - a ring of willpower
 w - a ring of fire
 I - a ring of flight
 P - the ring of Itomakaag (right hand) {EV+5 Str+3 Int+4 Dex+3}
   (You acquired it on level 1 of the Lair of Beasts)

   [ring of evasion]

   EV:        It affects your evasion (+5).
   Str:       It affects your strength (+3).
   Int:       It affects your intelligence (+4).
   Dex:       It affects your dexterity (+3).
 R - a ring of resist corrosion
 S - an amulet of reflection (around neck)
 Y - a +4 ring of protection (left hand)
Wands
 e - a wand of digging (29)
 r - a wand of roots (4)
 y - a wand of acid (1)
 C - a wand of flame (5)
Scrolls
 a - 2 scrolls of silence
 d - 4 scrolls of fear
 h - a scroll of amnesia
 i - 2 scrolls of butterflies
 m - 3 scrolls of magic mapping
 o - 7 scrolls of fog
 p - 13 scrolls of teleportation
 u - 9 scrolls of blinking
 v - 3 scrolls of poison
 x - 4 scrolls of enchant armour
 H - 4 scrolls of brand weapon
 J - 21 scrolls of identify
Potions
 b - a potion of brilliance
 c - 5 potions of might
 g - 21 potions of curing
 k - 17 potions of flight
 s - 9 potions of haste
 D - 3 potions of invisibility
 E - 3 potions of resistance
 F - a potion of ambrosia
 G - a potion of berserk rage
 X - a potion of magic
Miscellaneous
 n - a lightning rod (4/4)


   Skills:
 + Level 24.3 Fighting
 + Level 23.7 Axes
 + Level 19.6 Armour
 + Level 7.1 Dodging
 - Level 1.5 Stealth
 + Level 21.3 Invocations
 - Level 6.0 Evocations


You had 19 spell levels left.
You didn't know any spells.
Your spell library contained the following spells:

 Spells                   Type           Power      Damage    Failure   Level
 Kiss of Death            Conj/Necr      0%         2d5       99%         1
 Sandblast                Erth           0%         2d4       99%         1
 Sting                    Tmut/Pois      0%         1d3       99%         1
 Passwall                 Tmut/Erth      0%         N/A       99%         2
 Poisonous Vapours        Pois/Air       0%         N/A       99%         2
 Scorch                   Fire           0%         2d5       99%         2
 Static Discharge         Conj/Air       0%         2-2/arc   99%         2
 Sublimation of Blood     Necr           0%         N/A       99%         2
 Wereblood                Tmut           0%         N/A       99%         2
 Confusing Touch          Hex            0%         N/A       100%        3
 Hailstorm                Conj/Ice       0%         3d3       100%        3
 Portal Projectile        Hex/Tloc       0%         N/A       100%        3
 Stone Arrow              Conj/Erth      0%         3d7       100%        3
 Tukima's Dance           Hex            0%         N/A       100%        3
 Vhi's Electric Charge    Tloc/Air       0%         N/A       100%        3
 Airstrike                Air            0%         2d(0-16)  100%        4
 Animate Armour           Summ/Erth      0%         N/A       100%        4
 Cause Fear               Hex            0%         N/A       100%        4
 Dispel Undead            Necr           0%         3d6       100%        4
 Flame Wave               Conj/Fire      0%         2d4       100%        4
 Ice Form                 Ice/Tmut       0%         N/A       100%        4
 Olgreb's Toxic Radiance  Pois           0%         N/A       100%        4
 Passage of Golubria      Tloc           0%         N/A       100%        4
 Petrify                  Tmut/Erth      0%         N/A       100%        4
 Summon Lightning Spire   Summ/Air       0%         N/A       100%        4
 Arcjolt                  Conj/Air       0%         1d10      100%        5
 Blade Hands              Tmut           0%         N/A       100%        5
 Lightning Bolt           Conj/Air       0%         1d11      100%        5
 Metabolic Englaciation   Hex/Ice        0%         N/A       100%        5
 Yara's Violent Unravell  Hex/Tmut       0%         3d3       100%        5
 Iron Shot                Conj/Erth      0%         9d1       100%        6
 Simulacrum               Ice/Necr       0%         N/A       100%        6
 Statue Form              Tmut/Erth      0%         N/A       100%        6
 Summon Cactus Giant      Summ           0%         N/A       100%        6
 Dragon Form              Tmut           0%         N/A       100%        7
 Ozocubu's Refrigeration  Ice            0%         4d7       100%        7
 Summon Hydra             Summ           0%         N/A       100%        7
 Borgnjor's Revivificati  Necr           0%         N/A       100%        8
 Ignition                 Fire           0%         3d3       100%        8
 Dragon's Call            Summ           0%         N/A       100%        9
 Fire Storm               Conj/Fire      0%         5d1       100%        9
 Polar Vortex             Ice            0%         N/A       100%        9


Dungeon Overview and Level Annotations

Branches:
Dungeon (15/15)            Temple (0/1) D:6            Lair (5/5) D:8
 Shoals (4/4) Lair:2        Snake (4/4) Lair:2        Slime (0/5) Lair:4
    Orc (2/2) D:12            Elf (0/3) Orc:2        Vaults (4/5) D:14
  Crypt (0/3) Vaults:2     Depths (1/4) D:15          Sewer (visited)
  IceCv (visited)

Altars:
Ashenzari
Cheibriados
Dithmenos
Fedhas
Gozag
Hepliaklqana
Makhleb
Nemelex Xobeh
Okawaru
Ru
Sif Muna
Uskayaw
Vehumet
Xom
Yredelemnul
Zin
The Shining One
Beogh
Jiyva
Lugonu

Shops:
D:8 ?   D:11 (   D:12 (   Orc:2 *[::   Shoals:3 =   Snake:4 (!(?   Vaults:2 (
Vaults:4 ?

Portals:
Hell: Depths:1
Abyss: Depths:1
Ziggurat: Depths:1
Wizlab: Depths:1

Annotations:
Vaults:2 2 transporters, exclusion: orange crystal statue


Innate Abilities, Weirdness & Mutations

You can walk on water.
You are frail. (-10% HP)


Message History

You destroy the tentacled starspawn!
Beogh accepts your kill.
The starspawn's tentacles wither and die.
Your orc looks more experienced.
You slash the wight!
The wight is severely damaged.
The wight hits you but does no damage.
You hit the wight.
The wight is almost destroyed.
A hell hog comes into view.
You hit the wight.
You destroy the wight!
Beogh accepts your kill.
You slash the hell hog!
The hell hog is lightly wounded.
The hell hog bites you but does no damage.
You carve the hell hog like the proverbial ham!!!
The hell hog is severely wounded.
The hell hog breathes fire at you.
The fireball explodes!
The fireball engulfs you. You resist.
* * * LOW HITPOINT WARNING * * *
The fireball engulfs your orc knight!!
The fireball engulfs the hell hog.
The hell hog completely resists.
The fireball engulfs your orc warrior!!!
Your orc warrior dies!
You hear an angry squeal.
You hear a bark!
The hell hog squeals angrily.
You carve the hell hog like the proverbial ham!!!
You kill the hell hog!
Beogh accepts your kill.
A blizzard demon comes into view.
You barely miss the blizzard demon.
You feel better. You block the blizzard demon's attack.
The blizzard demon hits you but does no damage.
You slice the blizzard demon!!
The blizzard demon is heavily wounded.
A hell hog comes into view.
The blizzard demon gestures at you. The bolt of lightning hits you!!
You die...

X### ## . . #
. #..##. .
.... . ...
.#. #
##..###.... .
# #..#.#..# .
##.....##
#o))....##
##@#.#...#
#...2##.#####
# #...h #.#
#..... .. .
#..... . #
##...#.. .
.... .. ####.


You could see a blizzard demon (ally target), a hell hog and a friendly orc
knight.

Vanquished Creatures
  Xtahua (Vaults:4)
  3 tentacled starspawn (Abyss:2)
  4 sphinxes
  Roxanne (D:14)
  2 nagarajas (Snake:4)
  11 vault wardens
  A fire giant (Depths:1)
  A curse skull (Vaults:2)
  2 war gargoyles (Vaults:3)
  17 ironbound preservers
  2 stone giants (Depths:1)
  6 ironbound thunderhulks
  4 very ugly things
  A minotaur (Shoals:4)
  2 spark wasps (Depths:1)
  14 dire elephants
  A deep elf death mage (Vaults:2)
  3 ettins
  2 crystal guardians
  An entropy weaver (Vaults:1)
  11 yaktaur captains
  2 merfolk javelineers (Shoals:4)
  A deep elf high priest (Vaults:2)
  2 merfolk impalers
  A great orb of eyes (Vaults:2)
  A salamander tyrant (Snake:4)
  A peacekeeper (Vaults:3)
  Erolcha (D:9)
  8 vault guards
  4 ironbound frosthearts
  4 anacondas
  4 merfolk avatars
  An ogre mage (Orc:2)
  3 two-headed ogres (Orc:2)
  A tengu warrior (Depths:1)
  8 satyrs (Shoals:4)
  A hell hog (Abyss:2)
  A boulder beetle (D:12)
  8 centaur warriors
  4 naga warriors
  3 hell knights (Depths:1)
  A shock serpent (Snake:1)
  A storm dragon zombie (Vaults:4)
  7 naga sharpshooters
  A sixfirhy (Abyss:2)
  2 skeletal warriors (D:15)
  A salamander mystic (Snake:3)
  A flayed ghost (Vaults:4)
  2 glowing orange brains
  6 sea snakes
  A goliath frog (Lair:5)
  49 deep trolls
  A swamp dragon (shapeshifter) (Vaults:1)
  14 ironbound convokers
  2 large abominations (Abyss:2)
  13 harpies
  4 lindwurms (Vaults:2)
  6 wizards
  A deep elf pyromancer (D:15)
  A wolf spider (D:15)
  4 mana vipers
  4 cyclopes
  4 necromancers
  19 ugly things
  8 fauns
  12 manticores
  5 salamanders
  A human skeleton (Vaults:1)
  5 merfolk sirens
  7 elephants
  A rust devil (Abyss:2)
  7 vault sentinels
  17 black mambas
  Maurice (D:13)
  9 cane toads
  2 demonic crawlers
  3 water nymphs
  An elf zombie (Vaults:4)
  A gargoyle (D:14)
  5 naga magi
  2 smoke demons (Abyss:2)
  A torpor snail (Lair:5)
  A yaktaur zombie (Vaults:4)
  A human zombie (Vaults:4)
  A rime drake (Lair:4)
  A rime drake (shapeshifter) (D:15)
  An efreet (Abyss:2)
  2 unseen horrors
  18 yaktaurs
  2 ancient zymes (Abyss:2)
  A tengu conjurer (Depths:1)
  2 freezing wraiths
  5 komodo dragons
  A hellwing (Abyss:2)
  A meliai (shapeshifter) (Vaults:2)
  8 trolls
  A polar bear (Lair:5)
  3 raiju (Abyss:2)
  A tarantella (shapeshifter) (Abyss:2)
  10 merfolk
  5 wind drakes
  Grinder (D:6)
  7 blink frogs
  3 snapping turtles
  Prince Ribbit (D:5)
  3 dream sheep
  A shadow (D:12)
  26 slime creatures
  Sigmund (D:2)
  2 vampires
  2 wraiths
  14 yaks
  4 wyverns
  4 water elementals
  4 basilisks
  A hog (Snake:1)
  A redback (Vaults:1)
  A neqoxec (Abyss:2)
  4 steam dragons
  A yaktaur simulacrum (Vaults:4)
  6 vampire mosquitoes
  An elf skeleton (Vaults:4)
  Edmund (D:5)
  3 wargs
  13 nagas
  A demonspawn skeleton (Abyss:2)
  A glowing shapeshifter skeleton (Vaults:1)
  4 ogres
  4 black bears
  6 orc warriors
  9 wolves
  8 boggarts
  12 centaurs
  2 phantoms (D:5)
  7 starcursed masses (Abyss:2)
  2 kobold brigands (D:9)
  Blork the orc (D:5)
  11 bullfrogs
  A necrophage (D:7)
  6 scorpions
  10 wights
  A killer bee (D:10)
  6 electric eels
  5 howler monkeys
  4 crimson imps (D:4)
  2 jellies
  2 orc priests (Orc:2)
  2 hounds
  3 iron imps (Abyss:2)
  Jessica (D:2)
  3 gnoll boudas
  Natasha (thrice) (D:3)
  An iguana (D:5)
  4 orc wizards
  3 hell rats (Lair:4)
  A mummy (D:6)
  Robin (D:2)
  25 gnolls
  14 adders
  5 river rats
  A shadow imp (D:6)
  2 white imps (Abyss:2)
  An ufetubus (Abyss:2)
  2 worms
  4 dart slugs
  7 orcs
  8 ball pythons
  11 bats
  8 endoplasms
  9 giant cockroaches
  19 goblins
  8 hobgoblins
  4 jackals (Sewer)
  14 kobolds
  5 quokkas
  5 frilled lizards
  9 rats
  A bush (D:8)
841 creatures vanquished.

Vanquished Creatures (collateral kills)
  Vashnia (Snake:4)
  Rupert (D:12)
  Jorgrun (Shoals:1)
  Kirke (Snake:1)
  Donald (Orc:2)
  4 nagarajas
  8 vault wardens
  A ghoul (Vaults:2)
  8 ironbound preservers
  An orc warlord (Vaults:1)
  4 ironbound thunderhulks
  A spark wasp (Depths:1)
  A dire elephant (Vaults:2)
  A minotaur (Shoals:4)
  A deep elf death mage (Vaults:2)
  A merfolk javelineer (Shoals:4)
  A merfolk impaler (Shoals:4)
  2 great orbs of eyes
  6 yaktaur captains
  3 vault guards (Vaults:2)
  An ogre mage (Orc:2)
  6 hydras
  A merfolk avatar (Shoals:4)
  A peacekeeper (Vaults:1)
  2 catoblepae
  A salamander tyrant (Snake:2)
  8 centaur warriors
  The ghost of Dotran the Convoker, a journeyman TeSu of Gozag (Shoals:2)
  10 anacondas
  2 ironbound frosthearts (Vaults:3)
  A boulder beetle (D:15)
  2 satyrs (Shoals:4)
  8 naga warriors
  7 two-headed ogres
  6 naga sharpshooters
  A shock serpent (Snake:4)
  Nergalle (D:12)
  A tengu warrior (D:14)
  Sonja (Orc:2)
  4 hell knights (Depths:1)
  2 salamander mystics (Snake:4)
  3 skeletal warriors (D:15)
  20 deep trolls
  10 naga ritualists
  5 ironbound convokers
  A lindwurm (Vaults:2)
  4 sea snakes
  A wizard (Vaults:2)
  8 harpies
  A necromancer (Vaults:1)
  2 ugly things
  11 mana vipers
  An orc knight (Vaults:1)
  4 fauns
  4 cyclopes
  7 manticores
  A stone giant skeleton (Vaults:1)
  6 guardian serpents
  8 salamanders
  4 water nymphs
  4 merfolk sirens
  11 elephants
  27 black mambas
  3 vault sentinels
  A gargoyle (D:12)
  14 naga magi
  A yaktaur zombie (Vaults:4)
  3 rime drakes
  12 cane toads
  A kobold demonologist (D:12)
  An unseen horror (D:10)
  13 yaktaurs
  6 komodo dragons
  A tengu conjurer (D:14)
  9 trolls
  A wind drake (Shoals:4)
  A polar bear (Lair:5)
  A hornet (Lair:1)
  13 merfolk
  12 blink frogs
  A dream sheep (Shoals:2)
  3 tyrant leeches (Lair:5)
  3 snapping turtles
  19 slime creatures
  A wraith (D:13)
  A shadow (D:11)
  18 yaks
  A water elemental (Shoals:4)
  A hog (Snake:1)
  8 wyverns
  9 basilisks
  A redback (Vaults:1)
  2 vampire mosquitoes
  33 nagas
  4 swamp worms (Lair:2)
  3 wargs (Orc:2)
  4 water moccasins
  5 orc warriors
  A black bear (Lair:1)
  3 wolves (Lair:3)
  2 boggarts (D:15)
  4 centaurs
  15 ogres
  2 kobold brigands (D:10)
  9 bullfrogs
  A gnoll sergeant (D:10)
  4 killer bees (D:10)
  4 electric eels
  A jelly (Lair:4)
  An orc priest (D:12)
  An iron imp (Abyss:2)
  3 starcursed masses (Abyss:2)
  2 orc wizards (Orc:2)
  4 hell rats (Lair:4)
  A gnoll (D:10)
  4 adders (Lair:1)
  A white imp (Vaults:4)
  An ufetubus (Lair:3)
  9 orcs
  4 kobolds (D:10)
  A plant (Shoals:1)
546 creatures vanquished.

Vanquished Creatures (others)
  Urug (Orc:2)
  5 orc warlords
  3 orc sorcerers
  3 orc knights
  12 orc warriors
  33 orcs
  2 orc priests
  9 orc wizards
  61 fungi
  211 plants
  4 starspawn tentacles (Abyss:2)
  A withered plant (D:10)
345 creatures vanquished.

Grand Total: 1732 creatures vanquished

Notes
Turn   | Place    | Note
-------+----------+-------------------------------------------
     0 | D:1      | Dartaoz the Hill Orc Monk began the quest for the Orb.
     0 | D:1      | Reached XP level 1. HP: 19/19 MP: 1/1
   200 | D:1      | Reached XP level 2. HP: 27/27 MP: 2/2
   208 | D:1      | Reached skill level 4 in Fighting
  1120 | D:2      | Noticed Jessica
  1131 | D:2      | Killed Jessica
  1132 | D:2      | Reached skill level 5 in Axes
  1132 | D:2      | Reached XP level 3. HP: 29/34 MP: 3/3
  1231 | D:2      | Identified the +4 dagger "Vuemiby" {venom, rPois rN+ SInv}
  1233 | D:2      | Noticed Robin
  1248 | D:2      | Reached XP level 4. HP: 33/41 MP: 4/4
  1281 | D:2      | Killed Robin
  1282 | D:2      | Reached skill level 5 in Fighting
  1973 | D:2      | Noticed Sigmund
  2061 | D:2      | Found a faded altar of an unknown god.
  2068 | D:2      | Got Plato's Spellbook of Transfiguration
  2117 | D:2      | Killed Sigmund
  2118 | D:2      | Reached skill level 6 in Fighting
  2118 | D:2      | Reached XP level 5. HP: 17/50 MP: 5/5
  2118 | D:2      | Reached XP level 6. HP: 20/57 MP: 6/6
  2675 | D:3      | Identified the +10 short sword of Guimaj {spect, *Slow
                  | rPois rF+ Str+7}
  3100 | D:3      | Found a glowing drain.
  3106 | Sewer    | Entered a sewer
  3340 | Sewer    | Reached skill level 1 in Armour
  4001 | D:3      | Noticed Natasha
  4014 | D:3      | Killed Natasha
  4015 | D:3      | Reached XP level 7. HP: 20/64 MP: 7/7
  4346 | D:3      | Noticed Natasha
  4364 | D:3      | Killed Natasha
  4456 | D:3      | Noticed Natasha
  4469 | D:3      | Killed Natasha
  4530 | D:3      | Found a sacrificial altar of Ru.
  4666 | D:4      | Found a glowing silver altar of Zin.
  4672 | D:4      | Reached skill level 7 in Fighting
  4719 | D:4      | Found a shadowy altar of Dithmenos.
  4814 | D:4      | Found a glowing golden altar of the Shining One.
  4916 | D:4      | Found a shimmering altar of Xom.
  5228 | D:4      | Found a burning altar of Makhleb.
  5309 | D:4      | Reached XP level 8. HP: 41/74 MP: 8/8
  5566 | D:5      | Entered Level 5 of the Dungeon
  5634 | D:5      | Reached skill level 8 in Fighting
  5727 | D:5      | Noticed Edmund
  5756 | D:5      | Killed Edmund
  5892 | D:5      | Noticed Blork the orc
  5930 | D:5      | Killed Blork the orc
  6076 | D:5      | Found an opulent altar of Gozag.
  6335 | D:5      | Found a shimmering blue altar of Sif Muna.
  6531 | D:5      | You fall into a shaft and drop 3 floors!
  6531 | D:8      | Found a staircase to the Lair.
  6567 | D:8      | Reached skill level 5 in Armour
  6897 | D:8      | Noticed a two-headed ogre
  7095 | D:7      | Reached skill level 9 in Fighting
  7110 | D:7      | Reached XP level 9. HP: 79/83 MP: 9/9
  7146 | D:6      | Became a worshipper of Beogh the Brigand
  7146 | D:6      | Reached * piety under Beogh
  7146 | D:6      | Reached ** piety under Beogh
  7169 | D:6      | Reached skill level 10 in Axes
  7339 | D:6      | Found a staircase to the Ecumenical Temple.
  7755 | D:5      | Noticed Prince Ribbit
  7777 | D:5      | Killed Prince Ribbit
  8578 | D:6      | Found a snail-covered altar of Cheibriados.
  8619 | D:6      | Noticed Grinder
  8633 | D:6      | Killed Grinder
  8634 | D:6      | Reached skill level 10 in Fighting
  8792 | D:6      | Identified 2 scrolls of acquirement
  8792 | D:6      | Acquired a +1 heavy executioner's axe
  8793 | D:6      | Acquired a manual of Fighting
  9308 | D:7      | Reached *** piety under Beogh
  9340 | D:7      | Reached skill level 11 in Fighting
  9547 | D:7      | Reached skill level 1 in Invocations
  9555 | D:7      | Reached XP level 10. HP: 22/96 MP: 9/11
 10200 | D:8      | Found Tahil's Magic Scroll Emporium.
 10203 | D:8      | Bought a scroll of brand weapon for 133 gold pieces
 10203 | D:8      | Bought a scroll of identify for 28 gold pieces
 10565 | D:8      | Found a blossoming altar of Fedhas.
 10693 | D:8      | Acquired 999 gold pieces
 11127 | D:9      | Noticed Erolcha
 11138 | D:9      | Killed Erolcha
 11139 | D:9      | Reached skill level 12 in Fighting
 11590 | D:9      | Found a hide-covered altar of Uskayaw.
 11682 | D:9      | Reached **** piety under Beogh
 11684 | D:9      | Reached skill level 5 in Invocations
 12062 | D:10     | Entered Level 10 of the Dungeon
 12226 | D:10     | Reached skill level 13 in Fighting
 12936 | D:11     | Noticed an unseen horror
 12948 | D:11     | Killed an unseen horror
 12949 | D:11     | Reached XP level 11. HP: 91/107 MP: 15/15
 13902 | D:10     | Found a radiant altar of Vehumet.
 13998 | D:10     | Found a sparkling altar of Nemelex Xobeh.
 14025 | D:10     | Found a broken altar of Ashenzari.
 14064 | D:10     | Found a hazy altar of Hepliaklqana.
 14148 | D:10     | Found a basalt altar of Yredelemnul.
 14227 | D:10     | Reached skill level 14 in Fighting
 14565 | D:12     | Found a flickering gateway to a bazaar.
 14575 | Bazaar   | Entered a bazaar
 14589 | Bazaar   | Found Celiog Rabbu's Armour Emporium.
 14605 | Bazaar   | Found Xuaroick's Weapon Emporium.
 14621 | Bazaar   | Found Boeff's Book Emporium.
 14621 | Bazaar   | Found Zaihioliuh's Weapon Shoppe.
 14643 | Bazaar   | Found Faecw's Distillery.
 14643 | Bazaar   | Found Doinypp's General Store.
 14648 | Bazaar   | Bought a potion of heal wounds for 30 gold pieces
 14648 | Bazaar   | Bought a potion of heal wounds for 30 gold pieces
 14654 | Bazaar   | Bought 2 scrolls of enchant armour for 105 gold pieces
 14699 | D:12     | Found a staircase to the Orcish Mines.
 14701 | D:12     | Noticed a cyclops
 14710 | D:12     | Killed a cyclops
 14711 | D:12     | Reached ***** piety under Beogh
 14714 | D:12     | Found a roughly hewn altar of Beogh.
 14905 | D:12     | Noticed Nergalle
 14914 | D:12     | Killed Nergalle
 15043 | D:12     | Found Imunats's Weapon Emporium.
 15052 | D:12     | Noticed a boulder beetle
 15052 | D:12     | Noticed a cyan ugly thing
 15057 | D:12     | Killed a cyan ugly thing
 15063 | D:12     | Killed a boulder beetle
 15064 | D:12     | Reached skill level 10 in Armour
 15495 | D:12     | Reached skill level 15 in Fighting
 15719 | D:12     | Noticed Rupert
 15730 | D:12     | Killed Rupert
 15731 | D:12     | Reached XP level 12. HP: 101/121 MP: 18/18
 16090 | D:8      | Killed a two-headed ogre
 16173 | Lair:1   | Entered Level 1 of the Lair of Beasts
 16737 | Lair:1   | Reached skill level 16 in Fighting
 16786 | Lair:1   | Gained Bolgrim as an ally
 16992 | Lair:1   | Acquired the ring of Itomakaag {EV+5 Str+3 Int+4 Dex+3}
 17493 | Lair:2   | Reached skill level 10 in Invocations
 17683 | Lair:2   | Found a staircase to the Shoals.
 17690 | Lair:2   | Reached skill level 15 in Axes
 17752 | Lair:2   | Found a staircase to the Snake Pit.
 17756 | Lair:2   | Gained Bogmar as an ally
 18400 | Lair:3   | Reached skill level 17 in Fighting
 18556 | Lair:3   | Found a frozen archway.
 18575 | Lair:3   | Reached XP level 13. HP: 132/132 MP: 21/21
 18578 | IceCv    | Entered an ice cave
 19088 | Lair:4   | Noticed Urug
 19275 | Lair:4   | Identified the +4 trident "Puetaiba" {vamp, *Slow rElec
                  | Dex+5 Stlth+}
 19332 | Lair:4   | Reached ****** piety under Beogh
 19423 | Lair:4   | Reached skill level 18 in Fighting
 19436 | Lair:4   | Your ally Bolgrim died
 19779 | Lair:4   | Found a viscous altar of Jiyva.
 19779 | Lair:4   | Found a staircase to the Slime Pits.
 20213 | Lair:5   | Entered Level 5 of the Lair of Beasts
 20241 | Lair:5   | Your ally Bogmar died
 20445 | Lair:5   | Reached skill level 19 in Fighting
 20694 | Lair:5   | Reached XP level 14. HP: 146/146 MP: 23/23
 21244 | Lair:5   | Got Sif Muna's Thoughts on Hyperborean Bones
 21930 | D:13     | Found a gate leading to a gauntlet.
 22314 | D:13     | Noticed Maurice
 22330 | D:13     | Killed Maurice
 22801 | D:13     | Found a portal to a secret trove of treasure.
 23298 | D:14     | Noticed Roxanne
 23320 | D:14     | Killed Roxanne
 23759 | D:14     | Found an iron altar of Okawaru.
 24107 | D:14     | Found a gate to the Vaults.
 24632 | Orc:1    | Entered Level 1 of the Orcish Mines
 25474 | Orc:2    | Entered Level 2 of the Orcish Mines
 25474 | Orc:2    | Noticed Saint Roka
 25476 | Orc:2    | Noticed Donald
 25476 | Orc:2    | Noticed Sonja
 25484 | Orc:2    | Gained Morguth as an ally
 25487 | Orc:2    | Killed Sonja
 25492 | Orc:2    | Killed Donald
 25939 | Orc:2    | Found a staircase to the Elven Halls.
 26018 | Orc:2    | Found Vudepyok's Assorted Antiques.
 26033 | Orc:2    | Found Oku Mag's Antique Armour Boutique.
 26036 | Orc:2    | Reached skill level 20 in Fighting
 26040 | Orc:2    | Gained Olfik as an ally
 26041 | Orc:2    | Your ally Urug died
 26044 | Orc:2    | Reached XP level 15. HP: 130/155 MP: 25/25
 26153 | Orc:2    | Found Sudahuiw's Book Shoppe.
 26154 | Orc:2    | Bought a metallic green potion for 21 gold pieces
 26172 | Orc:2    | Found Atoobb's Book Shop.
 26441 | D:15     | Entered Level 15 of the Dungeon
 26454 | D:15     | Your ally Morguth died
 27205 | D:15     | Found a staircase to the Depths.
 27215 | D:15     | Reached skill level 15 in Invocations
 28196 | Snake:1  | Entered Level 1 of the Snake Pit
 28600 | Snake:1  | Noticed Kirke
 28606 | Snake:1  | Killed Kirke
 28607 | Snake:1  | Reached skill level 15 in Armour
 29131 | Snake:2  | Gained Orbeogh as an ally
 29151 | Snake:2  | Noticed a nagaraja
 29163 | Snake:2  | Killed a nagaraja
 29182 | Snake:2  | Noticed a nagaraja
 29183 | Snake:2  | Gained Orik as an ally
 29190 | Snake:2  | Killed a nagaraja
 29564 | Snake:2  | Got the Papyrus of Aerial Attacks
 29853 | Snake:3  | Your ally Orbeogh died
 29869 | Snake:3  | Reached XP level 16. HP: 110/165 MP: 13/28
 29869 | Snake:3  | Noticed a nagaraja
 29874 | Snake:3  | Reached skill level 21 in Fighting
 29877 | Snake:3  | Killed a nagaraja
 30394 | Snake:3  | Found a flickering gateway to a bazaar.
 30693 | Bazaar   | Entered a bazaar
 30695 | Bazaar   | Found Wojezaur's Weapon Boutique.
 30699 | Bazaar   | Found Lyiri's Jewellery Boutique.
 30699 | Bazaar   | Found Nooschel's Weapon Boutique.
 30700 | Bazaar   | Found Vuchus's Distillery.
 30715 | Bazaar   | Bought 2 potions of curing for 54 gold pieces
 30715 | Bazaar   | Bought a potion of heal wounds for 45 gold pieces
 30849 | Snake:3  | Identified the +9 long sword of the Threshing Gods {holy,
                  | rN+ Dex+3}
 30895 | Snake:4  | Entered Level 4 of the Snake Pit
 31219 | Snake:4  | Found Ponnot's Magic Scroll Shoppe.
 31219 | Snake:4  | Found Xatenaha's Antique Weapon Emporium.
 31220 | Snake:4  | Found Poucwec's Distillery.
 31222 | Snake:4  | Found Fajetei's Antique Weapon Shoppe.
 31285 | Snake:4  | Bought 2 potions of heal wounds for 180 gold pieces
 32115 | Snake:4  | Noticed a nagaraja
 32120 | Snake:4  | Noticed a nagaraja
 32120 | Snake:4  | Noticed a nagaraja
 32121 | Snake:4  | Noticed Vashnia
 32122 | Snake:4  | Killed a nagaraja
 32122 | Snake:4  | Killed a nagaraja
 32127 | Snake:4  | Killed a nagaraja
 32133 | Snake:4  | Killed Vashnia
 32466 | Snake:4  | Got a serpentine rune of Zot
 32800 | D:13     | You paid a toll of 10 potions of heal wounds to enter a
                  | treasure trove
 32801 | Trove    | Entered a treasure trove
 32803 | Trove    | Found the +6 Majin-Bo {spellvamp, MP+6 Int+6}
 32815 | Trove    | Identified the +6 broad axe "Seuciod" {freeze, Int+2}
 32817 | Trove    | Identified the +3 arbalest "Wyfriew" {freeze, rN+}
 32819 | Trove    | Identified the +6 broad axe of Fortitude {venom, Drain
                  | Str+3 Dex+4}
 32824 | Trove    | Identified the +1 scimitar of the Sky {freeze, +Blink}
 32826 | Trove    | Identified the +8 shortbow "Jousm" {heavy, Int+2}
 33028 | Shoals:1 | Entered Level 1 of the Shoals
 33028 | Shoals:1 | Noticed Jorgrun
 33033 | Shoals:1 | Killed Jorgrun
 33160 | Shoals:1 | Identified the +5 falchion of Eternal Night {pain, rF+}
 33905 | Shoals:1 | Reached XP level 17. HP: 166/176 MP: 29/29
 34147 | Shoals:2 | Found a large runed translucent door.
 34151 | Shoals:2 | Found a large runed translucent door.
 34151 | Shoals:2 | Found the +3 Mad Mage's Maulers {Infuse+∞ VampMP -Cast}
 34240 | Shoals:2 | Noticed Dotran's ghost (journeyman TeSu)
 34264 | Shoals:2 | Acquired 1053 gold pieces
 34470 | Shoals:2 | Reached skill level 22 in Fighting
 34907 | Shoals:2 | Killed Dotran's ghost
 35191 | Orc:2    | Bought a dazzling crystal plate armour for 3145 gold pieces
 35191 | Orc:2    | Identified the +1 crystal plate armour of Hopscotch {+Inv
                  | rF++ rC- rN+} (You bought it in a shop on level 2 of the
                  | Orcish Mines)
 36000 | Shoals:3 | Reached skill level 1 in Evocations
 36477 | Shoals:3 | Found Gisahec's Jewellery Boutique.
 36761 | Shoals:4 | Entered Level 4 of the Shoals
 36791 | Shoals:4 | Your ally Orik died
 36819 | Shoals:4 | Your ally Olfik died
 36883 | Shoals:4 | Your ally Bogmar died
 37035 | Shoals:4 | Identified the +3 spear "Xaoghous" {speed, rC+ Str+5}
 37070 | Shoals:4 | Noticed a sphinx
 37075 | Shoals:4 | Killed a sphinx
 37216 | Shoals:4 | Got a barnacled rune of Zot
 37254 | Shoals:4 | Noticed a sphinx
 37254 | Shoals:4 | Paralysed by a sphinx for 2 turns
 37261 | Shoals:4 | Killed a sphinx
 37361 | Shoals:4 | Identified the ring "Fycoena" {Wiz rN+}
 38661 | Vaults:1 | Entered Level 1 of the Vaults
 38676 | Vaults:1 | Reached XP level 18. HP: 150/185 MP: 0/31
 38689 | Vaults:1 | Gained Arbolt as an ally
 39247 | Vaults:1 | Reached skill level 5 in Evocations
 40368 | Abyss:2  | Cast into level 2 of the Abyss (orc warlord)
 40374 | Vaults:1 | Escaped the Abyss
 42192 | Vaults:2 | Reached skill level 23 in Fighting
 42564 | Vaults:2 | Found a staircase to the Crypt.
 42893 | Vaults:2 | Found a transporter.
 43485 | Vaults:2 | Noticed a golden dragon
 43486 | Vaults:2 | Noticed a tentacled monstrosity
 43494 | Vaults:2 | Found a transporter.
 43575 | Vaults:2 | Reached XP level 19. HP: 195/195 MP: 1/32
 44551 | Vaults:2 | Found Arihoute's Antique Weapon Emporium.
 45984 | Vaults:3 | Found the +4 Cigotuvi's embrace {Corpsefed rMiasma Drain
                  | rN+}
 46241 | Vaults:3 | Reached skill level 5 in Dodging
 48831 | Vaults:4 | Reached XP level 20. HP: 187/206 MP: 1/34
 49448 | Vaults:4 | Reached skill level 24 in Fighting
 49785 | Vaults:4 | Found Maujea's Magic Scroll Shoppe.
 50382 | Vaults:4 | Noticed Xtahua
 50388 | Vaults:4 | Killed Xtahua
 51092 | Depths:1 | Entered Level 1 of the Depths
 51092 | Depths:1 | Found a gateway to Hell.
 51107 | Depths:1 | Your ally Arbolt died
 51279 | Depths:1 | Found a magical portal.
 51300 | Depths:1 | Found a one-way gateway to a ziggurat.
 51303 | Depths:1 | Found a corrupted altar of Lugonu.
 51303 | Depths:1 | Found a one-way gate to the infinite horrors of the Abyss.
 51726 | Abyss:2  | Cast into level 2 of the Abyss (a wizard)
 51870 | Abyss:2  | Gained mutation: You are frail. (-10% HP) [a neqoxec]
 52262 | Abyss:2  | Killed from afar by a blizzard demon

Illustrated notes

Levels and vault maps discovered:
D:1:      dpeg_arrival_radiant, layout_basic, minmay_crystal_room
D:2:      layout_basic, serial_rivers, chequers_serial_rivers_micro_b,
          chequers_serial_rivers_micro_c, chequers_serial_rivers_micro_c,
          chequers_serial_rivers_small_a, chequers_serial_rivers_room_a,
          shapermc_ecumenical_altar_rom_forum, feat_on_display, uniq_jessica,
          uniq_sigmund, uniq_robin
D:3:      layout_rooms, marbit_many_paths, gup_sewer_entry_bubbles,
          hangedman_decor_push, roderic_nine_men_s_morris, uniq_natasha
D:4:      layout_rooms, zin_academy, led_xom_imps,
          grunt_dithmenos_smoke_and_mirrors, nicolae_tso_carved_into_rock,
          lemuel_crystal_altar, enter_ossuary_1, serial_bayou_pond_a
D:5:      layout_cave_pools, mainiacjoe_overflow_paths,
          nicolae_gozag_seed_capital, serial_co_window_serial,
          co_window_corner_a, co_window_corner_a, co_window_corner_a,
          co_window_corner_a, co_window_paths_b, co_window_corner_b,
          co_window_corner_cb, co_window_of_opportunity_c, co_window_corner_ca,
          co_window_4corner_b, co_window_paths_e, glass_columns_a,
          glass_columns_a, hangedman_decor_clover_reticule, uniq_blork_the_orc,
          uniq_edmund, uniq_prince_ribbit1
D:6:      layout_cave_pods, slow_altar_2, minmay_temple_entry_gardened_gates,
          uniq_grinder
D:7:      kennysheep_steamy, layout_loops_ring
D:8:      layout_basic, fedhas_bush_and_centaur_altar, lair_entry_dummy,
          nicolae_kite_square_tiling_tiny, nicolae_stop_n_shop_1,
          kennysheep_generic_room_16
D:9:      layout_rooms, lemuel_round_altar, uniq_erolcha
D:10:     erik_rubicon_a, layout_long_grid, kennysheep_mini_moat,
          yredelemnul_altar_generic, mainiacjoe_overflow_surrounded_room,
          grunt_temple_overflow_open, grunt_ministairs_2
D:11:     layout_irregular_city
D:12:     layout_roguey, minmay_orc_entry_temple_small, serial_shops,
          bzr_entry_lakeside, nicolae_stop_n_shop_2, uniq_nergalle, uniq_rupert
D:13:     layout_basic, gauntlet_entry_generic, enter_trove_3, uniq_maurice
D:14:     layout_basic, david_vaults_1, serial_glass, glass_columns_b,
          glass_columns_b, nrook_mini_vaults, okawaru_ov_weapons_minmay,
          uniq_roxanne
D:15:     hangedman_depths_entry_try_elsewhere_first, layout_grid_maze,
          minivault_25
Lair:1:   minmay_lair_venomous_thicket, layout_layer_cave,
          chequers_serial_rivers_micro_e, grunt_megastairs_4,
          infiniplex_staircase_pool_2
Lair:2:   layout_regular_city, elwin_shoals_entry_stream,
          minmay_snake_entry_guardpost_small, worms_lemuel
Lair:3:   layout_roguey, portal_ice_cave_entry_pillars_1, beast_lair_carwin_1,
          grunt_megastairs_2
Lair:4:   layout_loops_ring, minmay_slime_entry_pillars, special_room
          [special_room_mythical_zoo], chequers_serial_rivers_room_b,
          grunt_megastairs_1, uniq_urug
Lair:5:   minmay_lair_end_frog_pond, layout_small_grid, lemuel_fruit_tree
Shoals:1: layout_shoals, uniq_jorgrun
Shoals:2: layout_shoals, ebering_ghost_disaster_area
Shoals:3: layout_shoals, serial_shops, nicolae_square_shop
Shoals:4: shoals_end_hellmonk_lost_city
Snake:1:  layout_grid_shapes, uniq_kirke
Snake:2:  layout_misc_corridors, nicolae_snake_omega
Snake:3:  layout_rooms, serial_shops, bzr_in_the_mist, nicolae_snake_boneroom
Snake:4:  grunt_snake_rune_serpentine_throne, layout_basic, minmay_shoptagon,
          nicolae_triple_integral
Orc:1:    layout_diamond_mine, trog_butcher_becter
Orc:2:    st_orc_open, layout_diamond_mine, uniq_saint_roka, uniq_donald,
          uniq_sonja
Vaults:1: nicolae_vaults_network_quincunx
          [nicolae_vaults_network_quincunx_subvault,
          nicolae_vaults_network_quincunx_subvault,
          nicolae_vaults_network_quincunx_subvault,
          nicolae_vaults_network_quincunx_subvault,
          nicolae_vaults_network_quincunx_subvault],
          nicolae_vaults_little_squares_4, v_misc_5,
          nicolae_vaults_windows_and_doors_thing, vaults_mumra_hex,
          vaults_mumra_hexcomb, layout_vaults_chaotic_city
Vaults:2: gammafunk_sealed_arena, v_pattern_2, ontoclasm_vaults_ring_large,
          vaults_dpeg_ring, grunt_vaults_diagonal, v_misc_31,
          nicolae_vaults_network_s, minmay_crypt_entry_simple_sparse, v_misc_3,
          nicolae_vaults_specimen_jars, hangedman_vaults_capsules,
          layout_vaults_maze_snakey, serial_shops, shop
Vaults:3: st_cells, nicolae_vaults_border_crossing, grunt_vaults_funnel,
          ontoclasm_vaults_ring_square, ontoclasm_vaults_shuriken,
          nicolae_vaults_sealed_display, v_misc_29, vaults_room_fours,
          layout_vaults_quadrants
Vaults:4: serial_ice_m, nicolae_vaults_little_squares_6,
          hangedman_vaults_corner, v_misc_30, vaults_mumra_minichess,
          v_alt_pattern_1, v_misc_14, st_lines, grunt_vaults_swirl,
          hangedman_vaults_unwind, ontoclasm_vaults_ring_large,
          hangedman_vaults_river_flow, hangedman_vaults_stretched_pinwheel,
          layout_vaults_omnibox, serial_shops, nicolae_shop_trees, uniq_xtahua
Depths:1: layout_long_grid, enter_ziggurat_f, mu_enter_wizlab_3,
          grunt_metal_band, abyss_entry_flame_altar, minmay_splitting_lines,
          nicolae_shop_firing_range
Abyss:2:  base: D:12, evilmike_abyss_exit_7, base:
Lair:1

Skill      XL: |  1  2  3  4  5  6  7  8  9 10 11 12 13 14 15 16 17 18 19 20 |
---------------+-------------------------------------------------------------+-----
Fighting       | 4 6 7 9 11 13 15 17 19 20 21 22 23 24 | 24.3
Axes           | 5 6 7 8 9 11 12 14 15 16 18 19 20 21 22 23 | 23.7
Armour         | 1 3 5 7 9 10 11 13 14 15 16 17 18 19 | 19.6
Invocations    | 1 6 9 11 12 14 16 17 18 19 20 21 | 21.3
Evocations     | 4 6 |  6.0
Dodging        | 3 5 7 |  7.1
Stealth        | |  1.5

Action                   |  1- 3 |  4- 6 |  7- 9 | 10-12 | 13-15 | 16-18 | 19-21 || total
-------------------------+-------+-------+-------+-------+-------+-------+-------++-------
Melee: Hand axe          |    73 |   284 |   437 |       |       |       |       ||   794
       Punch             |     2 |     3 |     6 |       |       |       |       ||    11
       Broad axe         |       |       |   107 |     7 |       |       |       ||   114
       Executioner's axe |       |       |       |   328 |   577 |   634 |   514 ||  2053
       Unarmed           |       |       |       |       |     2 |       |       ||     2
Invok: Convert to Beogh  |       |       |     1 |       |       |       |       ||     1
       Recall Orcish Fol |       |       |       |     5 |     7 |    10 |     6 ||    28
       Give Item to Name |       |       |       |       |     1 |     1 |       ||     2
       Resurrection      |       |       |       |       |     1 |     1 |       ||     2
       Smiting           |       |       |       |       |     1 |     7 |       ||     8
  Use: Potion            |       |     2 |     2 |     3 |     8 |     3 |     4 ||    22
       Scroll            |       |       |    19 |     6 |     8 |     6 |       ||    39
 Stab: Sleeping          |     6 |     3 |       |       |       |       |       ||     9
       Distracted        |       |       |       |     5 |     9 |    10 |     6 ||    30
       Confused          |       |       |       |     1 |       |       |       ||     1
       Paralysed         |       |       |       |     1 |     1 |       |       ||     2
Armor: Robe              |    17 |     3 |       |       |       |       |       ||    20
       Leather armour    |       |    19 |       |       |       |       |       ||    19
       Chain mail        |       |    98 |   301 |   253 |   338 |    30 |       ||  1020
       Plate armour      |       |       |       |       |       |    91 |       ||    91
       Crystal plate arm |       |       |       |       |       |   374 |   264 ||   638
Dodge: Dodged            |    36 |    86 |   214 |   208 |   445 |   380 |   221 ||  1590
Block: Other             |       |       |       |       |    39 |   146 |    75 ||   260
       Reflection        |       |       |       |       |     5 |    25 |     6 ||    36

Table legend: (Time is in decaauts)
 A = Elapsed time spent in this place.
 B = Non-inter-level travel time spent in this place.
 C = Inter-level travel time spent in this place.
 D = Time resting spent in this place.
 E = Time spent auto-exploring this place.
 F = Levels seen in this place.
 G = Mean time per level.
                   A        B        C        D        E       F      G
               +--------+--------+--------+--------+--------+-----+--------+
         Total |  52363 |  49254 |   3109 |   1746 |  40981 |  42 | 1246.7 |
       Dungeon |  20986 |  18941 |   2045 |    316 |  15780 |  15 | 1399.1 |
          Lair |   5712 |   5428 |    284 |    499 |   4151 |   5 | 1142.4 |
        Shoals |   4952 |   4763 |    189 |      7 |   4136 |   4 | 1238.0 |
     Snake Pit |   4373 |   4128 |    245 |    442 |   3091 |   4 | 1093.2 |
  Orcish Mines |   1817 |   1653 |    164 |    216 |   1259 |   2 |  908.5 |
        Vaults |  12192 |  12011 |    181 |    266 |  10724 |   4 | 3048.0 |
        Depths |    623 |    623 |      0 |      0 |    549 |   1 |  623.0 |
         Abyss |    518 |    518 |      0 |      0 |    396 |   2 |  259.0 |
        Bazaar |    136 |    136 |      0 |      0 |    122 |   2 |   68.0 |
         Trove |     35 |     35 |      0 |      0 |      8 |   1 |   35.0 |
         Sewer |   1008 |   1008 |      0 |      0 |    764 |   1 | 1008.0 |
      Ice Cave |      6 |      6 |      0 |      0 |      0 |   1 |    6.0 |
               +--------+--------+--------+--------+--------+-----+--------+

Top non-repeatable levels by time:
Vaults:1: 3528 daAuts
Vaults:3: 3452 daAuts
Vaults:2: 2808 daAuts
Vaults:4: 2403 daAuts
    D:10: 1888 daAuts
    D:14: 1848 daAuts
     D:8: 1669 daAuts
 Snake:4: 1668 daAuts
Shoals:4: 1634 daAuts
    D:15: 1615 daAuts
     D:6: 1600 daAuts
     D:2: 1513 daAuts
    D:12: 1466 daAuts
  Lair:5: 1441 daAuts
     D:7: 1334 daAuts
